 Dungeon Crawl Stone Soup version 0.25-a0-890-g62861fb195 (webtiles) character file.

Game seed: 9001854162841780418, levelgen mode: deterministic

594 Hasart the Insei (level 7, -5/46 HPs)
             Began as an Octopode Transmuter on May 3, 2020.
             Was an Initiate of Gozag.
             Slain by a sky beast (6 damage)
             ... on level 5 of the Dungeon.
             The game lasted 00:10:44 (5048 turns).

Hasart the Insei (Octopode Transmuter)              Turns: 5048, Time: 00:10:44

Health: -5/46      AC:  1    Str: 10    XL:     7   Next: 39%
Magic:  10/10      EV: 14    Int: 17    God:    Gozag
Gold:   193        SH:  0    Dex: 12    Spells: 4/10 levels left

rFire    . . .     SeeInvis .     - Unarmed
rCold    + . .     Gourm    .   (no shield)
rNeg     . . .     Faith    .   (helmet restricted)
rPois    .         Spirit   .   (no amulet)
rElec    .         Reflect  .   n - ring of protection from cold
rCorr    .         Harm     .   g - ring of wizardry
MR       .....                  (no ring)
Stlth    ++........             (no ring)
HPRegen  0.15/turn              (no ring)
MPRegen  0.12/turn              (no ring)
                                (no ring)
                                (no ring)

@: no status effects
A: almost no armour, stealthy swim, amphibious, 8 rings, constrict 8, camouflage
1, gelatinous body 1
a: Potion Petition, Call Merchant, Bribe Branch, Renounce Religion


You were on level 5 of the Dungeon.
You worshipped Gozag.
Gozag was aware of your devotion.
You were near starving.

You visited 2 branches of the dungeon, and saw 6 of its levels.

You collected 248 gold pieces.
You paid 55 gold pieces to Gozag.

Inventory:

Missiles
 a - 105 arrows
 r - 28 poisoned darts (quivered)
Jewellery
 g - a ring of wizardry (right tentacle)
 n - a ring of protection from cold (left tentacle)
Wands
 u - a wand of digging (6)
 v - a wand of iceblast (14)
Scrolls
 b - 2 scrolls of blinking {unknown}
 d - 3 scrolls of remove curse {unknown}
 e - a scroll of fear {unknown}
 f - 3 scrolls of teleportation {unknown}
 i - a scroll of amnesia {unknown}
 k - 2 scrolls of identify {unknown}
 m - a scroll of enchant weapon {unknown}
 q - 2 scrolls of magic mapping {unknown}
Potions
 h - 3 potions of haste {unknown}
 j - a potion of brilliance {unknown}
 l - a potion of mutation {unknown}
 o - a potion of stabbing {unknown}
 p - a potion of might {unknown}
 s - a potion of degeneration {unknown}
 t - a potion of berserk rage {unknown}
Comestibles
 c - 9 rations


   Skills:
 + Level 3.1 Fighting
 + Level 3.6 Dodging
 * Level 5.3 Unarmed Combat
 + Level 2.2 Spellcasting
 + Level 3.6 Transmutations
 + Level 3.0 Poison Magic


You had 4 spell levels left.
You knew the following spells:

 Your Spells              Type           Power        Failure   Level  Hunger
a - Beastly Appendage     Tmut           ##....       1%          1    #......
b - Sticks to Snakes      Tmut           ##......     2%          2    ###....
c - Spider Form           Tmut/Pois      ##........   6%          3    ###....

Your spell library contained the following spells:

 Spells                   Type           Power        Failure   Level  Hunger
 Ice Form                 Ice/Tmut       #.......     32%         4    #####..
 Blade Hands              Tmut           ##........   41%         5    ######.


Dungeon Overview and Level Annotations

Branches:
Dungeon (5/15)             Temple (1/1) D:4

Altars:
Elyvilon
Fedhas
Gozag
Makhleb
Nemelex Xobeh
Okawaru
Ru
Uskayaw
Vehumet
Wu Jian


Innate Abilities, Weirdness & Mutations

You cannot wear most types of armour.
You are very stealthy in the water. (Stealth+)
You are amphibious.
You can wear up to eight rings at the same time.
You can use your tentacles to constrict eight enemies at once.
Your skin changes colour to match your surroundings (Stealth+).
Your rubbery body absorbs attacks. (AC +1, EV +1)


Message History

Aim: a sky beast (almost dead)
You throw a poisoned dart.
The poisoned dart barely misses the sky beast.
The sky beast misses you.
Throwing (i - inventory)
r - 29 poisoned darts (quivered)
Press: ? - help, Shift-Dir - straight line, f/p - sky beast
Aim: a sky beast (almost dead)
You throw a poisoned dart. The poisoned dart hits the sky beast.
The sky beast is almost dead.
The sky beast hits you.
* * * LOW HITPOINT WARNING * * *
The sky beast shocks you.
* * * LOW HITPOINT WARNING * * *
The sky beast flickers out of sight!
Deactivating autopickup; reactivate with Ctrl-A.
Something hits you.
* * * LOW HITPOINT WARNING * * *
Something shocks you.
You die...
Your body crumbles into a pile of gold.

#...............>#...##
##.............##..(##
####>.##...#####..## #
## ##..###### ##...# #
...#####≈.## #...#### #
........## ###......#
####....#####
#.......##
#.........####.......#
#.###.###@.##.......##
#.. #.#....##..######
#.###.#.#......#
#.#.....#......#
##.#.#.###......##
#................##
#..#.#.###........#
#..#.....#........#
#..###.#.#........#


There were no monsters in sight!

Vanquished Creatures
  An ogre (D:4)
  A scorpion (D:3)
  2 crimson imps (D:5)
  An orc priest (D:4)
  A jelly (D:3)
  An iguana (D:4)
  3 worker ants (D:5)
  A howler monkey skeleton (D:4)
  10 adders
  An ooze (D:1)
  An adder skeleton (D:4)
  6 worms
  3 dart slugs
  7 leopard geckos
  3 orcs (D:3)
  7 giant cockroaches
  12 goblins
  6 hobgoblins
  10 jackals
  10 kobolds
  2 quokkas
  6 bats
  9 frilled lizards
  A giant cockroach zombie (D:5)
  10 rats
  A plant (D:1)
116 creatures vanquished.

Notes
Turn   | Place    | Note
-------+----------+-------------------------------------------
     0 | D:1      | Hasart the Octopode Transmuter began the quest for the Orb.
     0 | D:1      | Reached XP level 1. HP: 13/13 MP: 3/3
   101 | D:1      | Reached XP level 2. HP: 13/18 MP: 5/5
   448 | D:1      | Reached XP level 3. HP: 22/23 MP: 6/6
  1289 | D:1      | Learned a level 2 spell: Sticks to Snakes
  1293 | D:1      | Learned a level 3 spell: Spider Form
  1396 | D:2      | Reached XP level 4. HP: 29/29 MP: 5/7
  1744 | D:2      | Reached skill level 4 in Unarmed Combat
  2054 | D:2      | Reached skill level 1 in Poison Magic
  2176 | D:2      | Reached XP level 5. HP: 34/34 MP: 8/8
  2364 | D:3      | Found a sparkling altar of Nemelex Xobeh.
  3095 | D:3      | Reached XP level 6. HP: 29/41 MP: 7/9
  4178 | D:4      | Reached skill level 5 in Unarmed Combat
  4274 | D:4      | Reached XP level 7. HP: 46/46 MP: 8/10
  4453 | D:4      | Found a staircase to the Ecumenical Temple.
  4458 | Temple   | Entered the Ecumenical Temple
  4602 | Temple   | Became a worshipper of Gozag Ym Sagoz the Greedy
  4690 | D:5      | Entered Level 5 of the Dungeon
  5033 | D:5      | HP: 2/46 [sky beast (6)]
  5048 | D:5      | HP: 1/46 [something (3)]
  5048 | D:5      | Slain by a sky beast

Levels and vault maps discovered:
D:1:      heliophobic_arrival_glass_houses, layout_basic, nrook_mini_backslash,
          supply_closet_lemuel, lexackson_kobold_supper
D:2:      layout_basic, first_ration, minmay_misc_feat_ornament,
          grunt_decor_cap, minmay_tall_x
D:3:      layout_rooms, nicolae_overflow_crystal_walls, minmay_box_of_dots
D:4:      layout_cave_pools, minmay_temple_entry_statues_pillars,
          nicolae_underground_beach
D:5:      layout_cave_pods, nicolae_dithmenos_shadow_blocks,
          gammafunk_temple_overflow_claw, minmay_misc_feat_roman
Temple:   minmay_temple_curvy_branch

Skill      XL: |  1  2  3  4  5  6  7 |
---------------+----------------------+-----
Fighting       | 2 3 |  3.1
Unarmed Combat | 4 5 |  5.3
Poison Magic   | 1 2 3 |  3.0
Dodging        | 3 |  3.6
Transmutations | 3 |  3.6
Spellcasting   | |  2.2

Action                   |  1- 3 |  4- 6 |  7- 9 || total
-------------------------+-------+-------+-------++-------
Melee: Unarmed           |   107 |   184 |    36 ||   327
       Constrict         |    21 |    44 |     7 ||    72
       Tentacles         |    15 |    28 |     7 ||    50
       Punch             |     4 |     3 |     1 ||     8
       Kick              |       |    21 |     6 ||    27
Throw: Dart              |       |       |     3 ||     3
 Cast: Beastly Appendage |     1 |    12 |     2 ||    15
       Spider Form       |       |     1 |     1 ||     2
 Stab: Sleeping          |     7 |    12 |     3 ||    22
  Eat: Chunk             |     2 |     9 |     1 ||    12
Armor: Skin              |     7 |    11 |     1 ||    19
Dodge: Dodged            |    61 |   108 |    20 ||   189

Table legend:
 A = Non-vault XP
 B = Vault XP
 C = Vault XP percentage of total XP
 D = Non-vault monster count
 E = Vault monster count
 F = Vault count percentage of total count
                 A         B        C        D         E       F
            +---------+---------+-------+---------+---------+-------
      Total |     812 |      37 |   4.4 |     101 |      14 |  12.2
            +---------+---------+-------+---------+---------+-------
        D:1 |      57 |      14 |  19.7 |      27 |       8 |  22.9
        D:2 |     101 |       9 |   8.2 |      27 |       4 |  12.9
        D:3 |     175 |      14 |   7.4 |      18 |       2 |  10.0
        D:4 |     277 |       0 |   0.0 |      23 |       0 |   0.0
        D:5 |     202 |       0 |   0.0 |       6 |       0 |   0.0
            +---------+---------+-------+---------+---------+-------
